 Dungeon Crawl Stone Soup version 0.27-a0-1502-g47ed6a6988 (webtiles) character file.

Game seed: 14785846645126960570

93 bigjeff5 the Insei (level 4, -3/34 HPs)
             Began as a Gnoll Transmuter on July 8, 2021.
             Slain by Grinder (7 damage)
             ... on level 3 of the Dungeon.
             The game lasted 00:20:38 (2353 turns).

bigjeff5 the Insei (Gnoll Transmuter)               Turns: 2353, Time: 00:20:39

Health: -3/34      AC:  5    Str: 10    XL:     4   Next: 61%
Magic:  10/11      EV: 11    Int: 13    God:
Gold:   69         SH:  0    Dex: 12    Spells: 12/13 levels left

rFire    . . .     SeeInvis .     - Unarmed
rCold    . . .     Faith    .   (no shield)
rNeg     . . .     Spirit   .   d - +0 ring mail
rPois    .         Reflect  .   (no helmet)
rElec    .         Harm     .   (no cloak)
rCorr    .         Rampage  .   (no gloves)
Will     .....                  (no boots)
Stlth    +.........             (no amulet)
HPRegen  0.11/turn              (no ring)
MPRegen  0.12/turn              (no ring)

@: very slightly contaminated
A: fangs 1, strong nose, distributed training
a: no special abilities


You were on level 3 of the Dungeon.
You visited 1 branch of the dungeon, and saw 3 of its levels.

You collected 69 gold pieces.

Inventory:

Hand Weapons
 m - a +1 vorpal mace
Missiles
 b - 58 stones
 k - 12 poisoned darts
Armour
 a - a +0 robe
 d - a +0 ring mail (worn)
 l - a +0 chain mail
Jewellery
 f - an amulet of reflection
Scrolls
 c - 3 scrolls of identify {unknown}
 e - a scroll of noise {unknown}
Potions
 g - a potion of cancellation {unknown}
 h - a potion of curing {unknown}
 i - a potion of invisibility {unknown}
 j - a potion of flight {unknown}


   Skills:
 + Level 2.8 Fighting
 + Level 1.2 Short Blades
 + Level 1.2 Long Blades
 + Level 1.2 Axes
 + Level 1.2 Maces & Flails
 + Level 1.2 Polearms
 + Level 1.2 Staves
 + Level 1.2 Slings
 + Level 1.2 Bows
 + Level 1.2 Crossbows
 + Level 1.2 Throwing
 + Level 1.2 Armour
 + Level 4.6 Dodging
 + Level 1.2 Stealth
 + Level 1.2 Shields
 + Level 6.6 Unarmed Combat
 + Level 5.1 Spellcasting
 + Level 1.0 Conjurations
 + Level 1.0 Hexes
 + Level 1.0 Summonings
 + Level 1.0 Necromancy
 + Level 1.0 Translocations
 + Level 3.8 Transmutations
 + Level 1.0 Fire Magic
 + Level 1.0 Ice Magic
 + Level 1.0 Air Magic
 + Level 1.0 Earth Magic
 + Level 1.0 Poison Magic
 + Level 1.3 Invocations
 + Level 1.2 Evocations


You had 12 spell levels left.
You knew the following spells:

 Your Spells              Type           Power      Damage    Failure   Level
a - Beastly Appendage     Tmut           26%        N/A       10%         1

Your spell library contained the following spells:

 Spells                   Type           Power      Damage    Failure   Level
 Wereblood                Tmut           13%        N/A       14%         2
 Spider Form              Tmut/Pois      4%         N/A       45%         3
 Ice Form                 Ice/Tmut       9%         N/A       86%         4


Dungeon Overview and Level Annotations

Branches:
Dungeon (3/15)

Altars:

Annotations:
D:3 Grinder


Innate Abilities, Weirdness & Mutations

You have very sharp teeth.
Your uncanny sense of smell can sniff out nearby items.
Your experience applies equally to all skills.


Message History

You closely miss Grinder. You headbutt Grinder, but do no damage.
Grinder is severely wounded.
Grinder completely misses you.
You hit Grinder. You claw Grinder, but do no damage.
Grinder is almost dead.
Grinder blinks!
Grinder blinks!
Grinder hits you but does no damage.
You hit Grinder but do no damage. You claw Grinder, but do no damage.
Grinder is severely wounded.
Grinder hits you.
You writhe in agony.
* * * LOW HITPOINT WARNING * * *
You hit Grinder.
Grinder is almost dead.
Grinder misses you.
You barely miss Grinder.
Grinder is almost dead.
Grinder gestures at you. You resist with significant effort.
You hit Grinder.
Grinder is almost dead.
Grinder gestures at you.
You suddenly lose the ability to move!
Grinder hits you but does no damage.
Your horns disappear.
Your talons disappear.
Grinder hits you but does no damage.
Grinder says, "There's only one good use for a tongue: cutting it out."
Grinder hits you but does no damage. Grinder hits you.
* * * LOW HITPOINT WARNING * * *
Grinder says, "FISH!"
Grinder hits you but does no damage.
You can move again.
Unknown command.
Casting: Beastly Appendage (safe; 10% risk of failure)
Confirm with . or Enter, or press ? or * to list all spells.
You miscast Beastly Appendage.
You are very lightly contaminated with residual magic.
Nothing appears to happen.
Grinder hits you!
You die...

... ...#.......... ..#
#.####### .....##.......
....###.#...... ###..........
.......<..## #####............
......<††..####.............#..
.#####..........#.............#
####.#.....................#
#...........................
............@5..............#
.#.......##.........#.....#..
#.....####.............#?#.#
....... #.............#...#
.#.##.. ...............# .# ...
#.. ................# ..
.........#.#.........
...........##....


You could see Grinder.

Vanquished Creatures
  4 adders (D:2)
  A worm (D:2)
  A dart slug (D:1)
  5 orcs
  4 ball pythons
  2 bats (D:2)
  An endoplasm (D:2)
  2 giant cockroaches (D:1)
  7 goblins
  4 hobgoblins
  4 jackals
  A quokka (D:1)
  2 frilled lizards
  3 kobolds
  4 rats
45 creatures vanquished.

Notes
Turn   | Place    | Note
-------+----------+-------------------------------------------
     0 | D:1      | bigjeff5 the Gnoll Transmuter began the quest for the Orb.
     0 | D:1      | Reached XP level 1. HP: 17/17 MP: 6/6
   356 | D:1      | Reached XP level 2. HP: 23/23 MP: 7/7
   952 | D:2      | Found a faded altar of an unknown god.
  1010 | D:2      | Reached skill level 5 in Spellcasting
  1010 | D:2      | Reached XP level 3. HP: 21/28 MP: 7/9
  1164 | D:2      | Reached skill level 1 in Invocations
  1387 | D:2      | Reached skill level 1 in Short Blades
  1387 | D:2      | Reached skill level 1 in Long Blades
  1387 | D:2      | Reached skill level 1 in Axes
  1387 | D:2      | Reached skill level 1 in Maces & Flails
  1387 | D:2      | Reached skill level 1 in Polearms
  1387 | D:2      | Reached skill level 1 in Staves
  1387 | D:2      | Reached skill level 1 in Slings
  1387 | D:2      | Reached skill level 1 in Bows
  1387 | D:2      | Reached skill level 1 in Crossbows
  1387 | D:2      | Reached skill level 1 in Throwing
  1387 | D:2      | Reached skill level 1 in Armour
  1387 | D:2      | Reached skill level 1 in Stealth
  1387 | D:2      | Reached skill level 1 in Shields
  1387 | D:2      | Reached skill level 1 in Evocations
  1390 | D:2      | Reached XP level 4. HP: 23/34 MP: 9/11
  1979 | D:3      | Noticed Grinder
  2077 | D:2      | Reached skill level 1 in Conjurations
  2077 | D:2      | Reached skill level 1 in Hexes
  2077 | D:2      | Reached skill level 1 in Summonings
  2077 | D:2      | Reached skill level 1 in Necromancy
  2077 | D:2      | Reached skill level 1 in Translocations
  2077 | D:2      | Reached skill level 1 in Fire Magic
  2077 | D:2      | Reached skill level 1 in Ice Magic
  2077 | D:2      | Reached skill level 1 in Air Magic
  2077 | D:2      | Reached skill level 1 in Earth Magic
  2077 | D:2      | Reached skill level 1 in Poison Magic
  2331 | D:3      | Paralysed by Grinder for 7 turns
  2347 | D:3      | Paralysed by Grinder for 5 turns
  2353 | D:3      | Slain by Grinder

Illustrated notes

Levels and vault maps discovered:
D:1:      dpeg_arrival_stone_temple_mockup, layout_basic
D:2:      layout_rooms, shapermc_ecumenical_altar_mp_ritualfount,
          minmay_stone_trees_small
D:3:      layout_rooms, serial_shops, nicolae_diamond_shop,
          gammafunk_ghost_abyssal_escape, uniq_grinder

Skill      XL: |  1  2  3  4 |
---------------+-------------+-----
Spellcasting   | 5 |  5.1
Invocations    | 1 |  1.3
Short Blades   | 1 |  1.2
Long Blades    | 1 |  1.2
Axes           | 1 |  1.2
Maces & Flails | 1 |  1.2
Polearms       | 1 |  1.2
Staves         | 1 |  1.2
Slings         | 1 |  1.2
Bows           | 1 |  1.2
Crossbows      | 1 |  1.2
Throwing       | 1 |  1.2
Armour         | 1 |  1.2
Stealth        | 1 |  1.2
Shields        | 1 |  1.2
Evocations     | 1 |  1.2
Conjurations   | 1 |  1.0
Hexes          | 1 |  1.0
Summonings     | 1 |  1.0
Necromancy     | 1 |  1.0
Translocations | 1 |  1.0
Fire Magic     | 1 |  1.0
Ice Magic      | 1 |  1.0
Air Magic      | 1 |  1.0
Earth Magic    | 1 |  1.0
Poison Magic   | 1 |  1.0
Fighting       | |  2.8
Dodging        | |  4.6
Unarmed Combat | |  6.6
Transmutations | |  3.8

Action                   |  1- 3 |  4- 6 || total
-------------------------+-------+-------++-------
Melee: Unarmed           |    86 |    58 ||   144
       Headbutt          |     6 |     6 ||    12
       Kick              |    11 |     9 ||    20
       Bite              |     4 |     4 ||     8
Throw: Stone             |     1 |       ||     1
 Cast: Beastly Appendage |    12 |     9 ||    21
Armor: Ring mail         |    20 |    32 ||    52
Dodge: Dodged            |    48 |    55 ||   103

Table legend: (Time is in decaauts)
 A = Elapsed time spent in this place.
 B = Non-inter-level travel time spent in this place.
 C = Inter-level travel time spent in this place.
 D = Time resting spent in this place.
 E = Time spent auto-exploring this place.
 F = Levels seen in this place.
 G = Mean time per level.
                   A        B        C        D        E       F      G
               +--------+--------+--------+--------+--------+-----+--------+
         Total |   2338 |   2278 |     60 |    781 |    956 |   3 |  779.3 |
       Dungeon |   2338 |   2278 |     60 |    781 |    956 |   3 |  779.3 |
               +--------+--------+--------+--------+--------+-----+--------+

Top non-repeatable levels by time:
     D:2: 1253 daAuts
     D:1: 896 daAuts
     D:3: 188 daAuts
